 Dungeon Crawl Stone Soup version 0.29.0-4-gdea44cf6ec (webtiles) character file.

Game seed: 10365256862591493836

63996 qw the Severer (level 14, -2/154 HPs)
             Began as a Minotaur Berserker on Sept 9, 2022.
             Was an Elder of Trog.
             Succumbed to Nessos's poison
             ... on level 14 of the Dungeon.
             The game lasted 00:06:28 (22755 turns).

qw the Severer (Minotaur Berserker)                Turns: 22755, Time: 00:06:28

Health: -2/154     AC: 20    Str: 38    XL:     14   Next: 70%
Magic:  13/13      EV: 11    Int:  3    God:    Trog [****..]
Gold:   559        SH:  6    Dex:  8    Spells: 13/13 levels left

rFire   + . .      SeeInvis .   Y - +0 broad axe (flame)
rCold   . . .      Faith    .   l - +0 buckler
rNeg    . . .      Spirit   .   e - +1 chain mail {rPois}
rPois   +          Reflect  .   t - +2 hat
rElec   .          Harm     .   (no cloak)
rCorr   .          Rampage  .   p - +2 pair of gloves
Will    +....                   u - +0 pair of boots
Stlth   ..........              (no amulet)
HPRegen 0.35/turn               g - +6 ring of strength
MPRegen 0.13/turn               i - ring of protection from fire

@: lethally poisoned (-2 -> -29), about to teleport, on berserk cooldown,
slowed, very slow
A: horns 2, retaliatory headbutt, robust 1, strong 1, sturdy frame 1
a: Renounce Religion, Berserk, Trog's Hand, Brothers in Arms


You were on level 14 of the Dungeon.
You worshipped Trog.
Trog was greatly pleased with you.
You visited 2 branches of the dungeon, and saw 19 of its levels.

You collected 1070 gold pieces.
You spent 511 gold pieces at shops.


Innate Abilities, Weirdness & Mutations

You have a pair of horns on your head.
You reflexively headbutt those who attack you in melee.
You are robust. (+10% HP)
Your muscles are strong. (Str +4, Int/Dex -1)
Your movements are slightly less encumbered by armour. (ER -2)


   Skills:
 - Level 17.0 Fighting
 - Level 18.0 Axes
 - Level 8.0 Throwing
 + Level 12.6 Armour
 - Level 6.3 Dodging
 - Level 10.5 Shields


You had 13 spell levels left.
You didn't know any spells.
Your spell library was empty.

Inventory:

Hand Weapons
 Y - a +0 broad axe of flaming (weapon)
Missiles
 d - 3 javelins (quivered)
 m - 11 boomerangs
Armour
 c - a +1 plate armour
 e - a +1 chain mail of poison resistance (worn)
 l - a +0 buckler (worn)
 p - a +2 pair of gloves (worn)
 t - a +2 hat (worn)
 u - a +0 pair of boots (worn)
Jewellery
 b - a ring of poison resistance
 f - a ring of ice
 g - a +6 ring of strength (left hand)
 i - a ring of protection from fire (right hand)
 o - a ring of fire
 r - a ring of resist corrosion
Scrolls
 a - 6 scrolls of identify
 j - 4 scrolls of teleportation
Potions
 h - 5 potions of curing
 k - 7 potions of might
 n - 5 potions of mutation
 q - 2 potions of haste
 s - 2 potions of heal wounds

Dungeon Overview and Level Annotations

Branches:
Dungeon (14/15) Temple (0/1) D:6 Lair (5/5) D:10 Shoals (0/4) Lair:2 Spider (0/4) Lair:3 Slime (0/5) Lair:5 Orc (0/2) D:12 Vaults (0/5) D:13 D:14

Altars:
Makhleb
Sif Muna
Vehumet
Jiyva

Shops:
D:2 :   D:5 =   D:10 *

Annotations:
D:10 1 runed translucent door, qw's ghost, journeyman MiBe
D:11 3 runed translucent doors
D:14 Nessos
Lair:3 3 runed translucent doors, qw's ghost, journeyman MiBe; qw's ghost, journeyman TrCA


Message History

You are poisoned.
Urug hits you with a +4 demon trident of venom!!
You are more poisoned.
You hit Urug. You burn Urug.
Urug is almost dead.
You feel extremely sick.
Nessos shoots an arrow.
The arrow hits you! The arrow burns you.
You slice Urug!! You burn Urug.
You kill Urug!
Trog accepts your kill.
You feel very sick.
Nessos casts a spell.
Nessos seems to speed up.
You feel extremely sick.
Nessos shoots an arrow.
The arrow closely misses you.
You feel a strong urge to attack something.
You feel very sick.
Nessos shoots an arrow.
The arrow barely misses you.
Found a chain mail.
You are no longer berserk.
You are exhausted.
You feel yourself slow down.
You feel very sick.
Nessos unwields a +1 longbow of flaming.
It stops flaming.
Nessos hits you but does no damage. Nessos barely misses you.
Nessos mumbles some strange words.
Nessos blinks!
You feel extremely sick.
Nessos wields a +1 longbow of flaming.
It bursts into flame!
Nessos shoots an arrow.
The arrow hits you! The arrow burns you.
You are more poisoned.
You feel extremely sick.
Nessos shoots an arrow.
The arrow hits you!
Nessos shoots an arrow.
The arrow hits you! The arrow burns you.
Nessos shoots an arrow.
The arrow hits you but does no damage.
Nessos shoots an arrow.
The arrow hits you. The arrow burns you.
22755 ||| READING 5 scrolls of teleportation.
As you read the scroll of teleportation, it crumbles to dust.
You feel strangely unstable.
You die...

#.............
.#####............#
...................#
...................#
..................#
#...........c....#
#.....<\.........#
#.....><..@......#
#................#
#..............[.#
#.....)............#
##..............####
################


You could see Nessos (fast).

Vanquished Creatures
  Rupert (D:13)
  8 hydras
  2 boulder beetles
  3 catoblepae (Lair:5)
  2 centaur warriors (D:13)
  Fannar (D:12)
  Erica (Lair:2)
  2 two-headed ogres
  14 death yaks
  A deep troll shaman (Lair:5)
  Urug (D:14)
  4 skeletal warriors (D:13)
  Pikel (D:6)
  A deep elf pyromancer (D:12)
  A wolf spider (D:13)
  2 manticores (D:12)
  6 elephants
  2 black mambas (Lair:5)
  An ugly thing (D:12)
  A cyclops (D:10)
  2 gargoyles
  9 cane toads
  2 torpor snails
  Maggie (Lair:2)
  3 kobold demonologists (D:11)
  An unseen horror (D:11)
  A rime drake (Lair:5)
  A tengu conjurer (D:13)
  12 komodo dragons
  A yaktaur (D:12)
  4 trolls
  2 polar bears
  5 blink frogs
  16 dream sheep
  4 slime creatures (D:12)
  4 water elementals (D:12)
  3 shadows
  4 wraiths
  4 wyverns
  28 yaks
  Eustachio (D:4)
  A golden eye (shapeshifter) (D:13)
  16 humans (D:13)
  Grum (D:8)
  Menkaure (D:5)
  14 vampire mosquitoes
  21 water moccasins
  A sky beast (D:5)
  2 ice beasts (D:5)
  5 black bears
  2 ogres
  16 wolves
  13 centaurs
  A lemure (D:6)
  A phantom (D:5)
  2 kobold brigands (D:11)
  17 bullfrogs
  2 necrophages
  A gnoll sergeant (D:10)
  5 scorpions
  11 wights
  5 killer bees (D:10)
  8 howler monkeys
  2 jellies
  3 orc priests
  3 gnoll boudas
  A hound (D:7)
  3 iguanas
  13 orc wizards
  Robin (D:3)
  11 adders
  25 gnolls
  4 white imps
  An ufetubus (D:5)
  3 worms
  A dart slug (D:4)
  16 orcs
  3 ball pythons
  An endoplasm (D:4)
  16 goblins
  6 hobgoblins
  3 jackals (D:4)
  9 kobolds
  2 quokkas
  4 bats
  3 frilled lizards
  2 rats (D:1)
445 creatures vanquished.

Vanquished Creatures (others)
  2 orc wizards
  66 fungi
  81 plants
149 creatures vanquished.

Grand Total: 594 creatures vanquished

Notes
Turn   | Place    | Note
-------+----------+-------------------------------------------
     0 | D:1      | qw the Minotaur Berserker began the quest for the Orb.
     0 | D:1      | Reached XP level 1. HP: 19/19 MP: 0/0
     0 | D:1      | 0 ||| qw: Version: 0.1-a-113-g051387a
     0 | D:1      | 0 ||| qw: Game counter: 7126
     0 | D:1      | 0 ||| qw: Always use a shield: true
     0 | D:1      | 0 ||| qw: Do Orc after D:15 true
     0 | D:1      | 0 ||| qw: Do second Lair branch before Depths: true
     0 | D:1      | 0 ||| qw: Lair rune preference: random
     0 | D:1      | 0 ||| qw: Plans: Normal
     0 | D:1      | 0 ||| PLANNING D:1-11
   164 | D:1      | Reached skill level 4 in Axes
   232 | D:1      | 232 ||| Stepping ~*~*~tactically~*~*~ (stealth).
   236 | D:1      | 236 ||| Stepping ~*~*~tactically~*~*~ (stealth).
   238 | D:1      | 238 ||| Stepping ~*~*~tactically~*~*~ (stealth).
   239 | D:1      | 239 ||| Stepping ~*~*~tactically~*~*~ (stealth).
   273 | D:1      | 273 ||| INVOKING Berserk.
   276 | D:1      | Reached XP level 2. HP: 26/26 MP: 1/1
   813 | D:1      | 813 ||| READING scroll labelled YTU BOINKAISCHI.
   814 | D:1      | 814 ||| READING 3 scrolls labelled HORI MUKKA ADI.
   815 | D:1      | 815 ||| READING scroll labelled USCHEV BOFYJY.
   816 | D:1      | 816 ||| READING scroll labelled JAICAJ POBOPN.
   820 | D:1      | 820 ||| DROPPING 2 scrolls of summoning.
   843 | D:2      | 843 ||| STAIRDANCE
   860 | D:2      | 860 ||| INVOKING Berserk.
   862 | D:2      | Reached skill level 5 in Axes
   862 | D:2      | Reached XP level 3. HP: 31/31 MP: 2/2
   987 | D:2      | 987 ||| DROPPING +0 club.
  1008 | D:2      | 1008 ||| INVOKING Berserk.
  1135 | D:2      | Found a burning altar of Makhleb.
  1248 | D:2      | Reached XP level 4. HP: 37/39 MP: 3/3
  1278 | D:2      | Found a faded altar of an unknown god.
  1317 | D:2      | Reached skill level 6 in Axes
  1319 | D:2      | Found Xevuubinis's Book Boutique.
  1454 | D:2      | 1454 ||| UPGRADING to +0 scale mail.
  1464 | D:2      | 1464 ||| DROPPING +0 animal skin.
  1465 | D:2      | 1465 ||| UPGRADING to +0 buckler.
  1470 | D:2      | 1470 ||| READING 2 scrolls labelled AMPOGUSCHIY.
  1471 | D:2      | 1471 ||| DRINKING 2 bubbling coppery potions.
  1472 | D:2      | 1472 ||| DROPPING scroll of amnesia.
  1496 | D:3      | 1496 ||| READING scroll of teleportation.
  1497 | D:3      | 1497 ||| STAIRDANCE
  1516 | D:3      | 1516 ||| Stepping ~*~*~tactically~*~*~ (stealth).
  1663 | D:3      | Noticed a black bear
  1666 | D:3      | 1666 ||| DRINKING 2 ruby potions.
  1668 | D:3      | 1668 ||| INVOKING Berserk.
  1670 | D:3      | Killed a black bear
  1671 | D:3      | Reached skill level 3 in Shields
  1671 | D:3      | Reached XP level 5. HP: 45/45 MP: 4/4
  1682 | D:3      | 1682 ||| FLEEEEING.
  1683 | D:3      | 1683 ||| FLEEEEING.
  1684 | D:3      | 1684 ||| FLEEEEING.
  1688 | D:3      | 1688 ||| FLEEEEING.
  1689 | D:3      | 1689 ||| FLEEEEING.
  1690 | D:3      | 1690 ||| STAIRDANCE
  1840 | D:3      | Noticed Robin
  1847 | D:3      | 1847 ||| INVOKING Berserk.
  1855 | D:3      | Killed Robin
  1855 | D:3      | Reached ** piety under Trog
  2406 | D:3      | 2406 ||| UPGRADING to +0 pair of gloves.
  2411 | D:3      | 2411 ||| UPGRADING to +2 pair of gloves.
  2421 | D:3      | 2421 ||| DROPPING +0 pair of gloves.
  2422 | D:3      | 2422 ||| READING scroll labelled YQIR RYQEAD.
  2423 | D:3      | 2423 ||| READING 2 scrolls labelled FAOSIHYCIR.
  2524 | D:3      | 2524 ||| DROPPING scroll of silence.
  2671 | D:4      | 2671 ||| Stepping ~*~*~tactically~*~*~ (stealth).
  2688 | D:4      | 2688 ||| INVOKING Berserk.
  2690 | D:4      | Reached skill level 7 in Axes
  2690 | D:4      | Reached XP level 6. HP: 51/51 MP: 5/5
  2863 | D:4      | Noticed Eustachio
  2864 | D:4      | 2864 ||| INVOKING Berserk.
  2883 | D:4      | HP: 12/51 [ufetubus[Eustachio] (4)]
  2884 | D:4      | 2884 ||| READING scroll of teleportation.
  2936 | D:4      | 2936 ||| Stepping ~*~*~tactically~*~*~ (stealth).
  2937 | D:4      | 2937 ||| Stepping ~*~*~tactically~*~*~ (hiding).
  2939 | D:4      | 2939 ||| Stepping ~*~*~tactically~*~*~ (hiding).
  2942 | D:4      | 2942 ||| Stepping ~*~*~tactically~*~*~ (hiding).
  2943 | D:4      | 2943 ||| INVOKING Berserk.
  2995 | D:4      | 2995 ||| Stepping ~*~*~tactically~*~*~ (stealth).
  2998 | D:4      | 2998 ||| Stepping ~*~*~tactically~*~*~ (stealth).
  3012 | D:4      | 3012 ||| INVOKING Berserk.
  3020 | D:4      | Killed Eustachio
  3376 | D:4      | 3376 ||| INVOKING Berserk.
  3384 | D:4      | Reached skill level 1 in Throwing
  3535 | D:4      | 3535 ||| DROPPING +0 mace.
  3592 | D:4      | 3592 ||| UPGRADING to +0 plate armour.
  3602 | D:4      | 3602 ||| DROPPING +0 scale mail.
  3603 | D:4      | 3603 ||| DROPPING +0 chain mail.
  3604 | D:4      | 3604 ||| DROPPING amulet of magic regeneration.
  3605 | D:4      | 3605 ||| UPGRADING to ring of resist corrosion.
  3606 | D:4      | 3606 ||| READING scroll labelled BUWNADWI BUTA.
  3607 | D:4      | 3607 ||| DRINKING 2 emerald potions.
  3608 | D:4      | 3608 ||| READING 2 scrolls of identify.
  3608 | D:4      | 3608 ||| IDENTIFYING black potion
  3609 | D:4      | 3609 ||| DROPPING potion of degeneration.
  3644 | D:5      | Entered Level 5 of the Dungeon
  3644 | D:5      | Noticed Menkaure
  3646 | D:5      | 3646 ||| INVOKING Berserk.
  3648 | D:5      | Killed Menkaure
  3649 | D:5      | Reached XP level 7. HP: 61/61 MP: 6/6
  3751 | D:5      | 3751 ||| Stepping ~*~*~tactically~*~*~ (stealth).
  3752 | D:5      | 3752 ||| INVOKING Berserk.
  3754 | D:5      | Reached skill level 8 in Axes
  3922 | D:5      | 3922 ||| DROPPING +2 mace of protection.
  3969 | D:5      | Reached skill level 9 in Axes
  4265 | D:5      | 4265 ||| Stepping ~*~*~tactically~*~*~ (stealth).
  4272 | D:5      | Reached XP level 8. HP: 52/68 MP: 7/7
  4272 | D:5      | 4272 ||| FLEEEEING.
  4287 | D:5      | Reached skill level 10 in Axes
  4396 | D:5      | 4396 ||| INVOKING Berserk.
  4447 | D:5      | Found Papamn's Jewellery Shop.
  4460 | D:5      | 4460 ||| SHOPLISTING +4 ring of protection (504 gold, have
                  | 235).
  4460 | D:5      | 4460 ||| SHOPLISTING amulet of reflection (420 gold, have
                  | 235).
  4613 | D:5      | Reached skill level 6 in Fighting
  4641 | D:5      | 4641 ||| READING scroll labelled GUFE QUMOSI.
  4642 | D:5      | 4642 ||| READING 3 scrolls labelled EPUF QUATHROKKO.
  4643 | D:5      | 4643 ||| DRINKING 2 smoky amethyst potions.
  4668 | D:5      | 4668 ||| READING 2 scrolls of identify.
  4668 | D:5      | 4668 ||| IDENTIFYING murky emerald potion
  4669 | D:5      | 4669 ||| DROPPING potion of attraction.
  4670 | D:5      | 4670 ||| DROPPING potion of lignification.
  4671 | D:5      | 4671 ||| DROPPING 2 scrolls of fear.
  4890 | D:6      | Found a staircase to the Ecumenical Temple.
  5009 | D:6      | 5009 ||| Stepping ~*~*~tactically~*~*~ (hiding).
  5010 | D:6      | 5010 ||| Stepping ~*~*~tactically~*~*~ (hiding).
  5285 | D:6      | 5285 ||| Stepping ~*~*~tactically~*~*~ (hiding).
  5398 | D:6      | 5398 ||| INVOKING Berserk.
  5405 | D:6      | 5405 ||| Stepping ~*~*~tactically~*~*~ (hiding).
  5406 | D:6      | 5406 ||| Stepping ~*~*~tactically~*~*~ (hiding).
  5791 | D:6      | 5791 ||| UPGRADING to ring of protection from fire.
  5792 | D:6      | 5792 ||| READING scroll labelled DECOIRR PEOPUO.
  5793 | D:6      | 5793 ||| DRINKING 3 metallic pink potions.
  5793 | D:6      | Gained mutation: Your muscles are strong. (Str +4, Int/Dex
                  | -1) [potion of mutation]
  5793 | D:6      | Gained mutation: You are robust. (+10% HP) [potion of
                  | mutation]
  5793 | D:6      | Gained mutation: Your movements are slightly less
                  | encumbered by armour. (ER -2) [potion of mutation]
  5824 | D:6      | 5824 ||| READING 2 scrolls of identify.
  5824 | D:6      | 5824 ||| IDENTIFYING cyan potion
  5825 | D:6      | 5825 ||| DROPPING potion of brilliance.
  5840 | D:7      | Noticed Pikel
  5844 | D:7      | 5844 ||| STAIRDANCE
  5890 | D:7      | 5890 ||| STAIRDANCE
  5892 | D:6      | 5892 ||| INVOKING Berserk.
  5895 | D:6      | Killed Pikel
  5896 | D:6      | Reached skill level 12 in Axes
  5896 | D:6      | Reached XP level 9. HP: 82/82 MP: 8/8
  6001 | D:7      | 6001 ||| Stepping ~*~*~tactically~*~*~ (stealth).
  6002 | D:7      | 6002 ||| Stepping ~*~*~tactically~*~*~ (stealth).
  6008 | D:7      | 6008 ||| Stepping ~*~*~tactically~*~*~ (hiding).
  6010 | D:7      | 6010 ||| INVOKING Berserk.
  6299 | D:7      | 6299 ||| DROPPING +0 flail.
  6325 | D:7      | Identified the +10 falchion of the Owl {flame, rC+ Str+4}
  6489 | D:7      | Reached *** piety under Trog
  6511 | D:7      | 6511 ||| INVOKING Berserk.
  6836 | D:7      | 6836 ||| READING 2 scrolls of identify.
  6836 | D:7      | 6836 ||| IDENTIFYING amethyst potion
  6837 | D:7      | 6837 ||| DROPPING potion of ambrosia.
  6871 | D:8      | Noticed Grum
  6874 | D:8      | 6874 ||| INVOKING Berserk.
  6889 | D:8      | Killed Grum
  6890 | D:8      | Reached skill level 13 in Axes
  7077 | D:8      | 7077 ||| READING scroll of enchant armour.
  7077 | D:8      | 7077 ||| ENCHANTING +0 plate armour.
  7156 | D:8      | Reached skill level 6 in Armour
  7160 | D:8      | Reached skill level 3 in Throwing
  7168 | D:8      | 7168 ||| INVOKING Berserk.
  7394 | D:8      | 7394 ||| Stepping ~*~*~tactically~*~*~ (hiding).
  7395 | D:8      | 7395 ||| Stepping ~*~*~tactically~*~*~ (hiding).
  7434 | D:8      | 7434 ||| SWAPPING to +3 war axe.
  7435 | D:8      | 7435 ||| DROPPING +0 hand axe.
  7576 | D:8      | Reached XP level 10. HP: 96/96 MP: 9/9
  7624 | D:8      | 7624 ||| INVOKING Berserk.
  7739 | D:8      | 7739 ||| DROPPING +1 flail of draining.
  7869 | D:8      | 7869 ||| UPGRADING to +1 chain mail of poison resistance.
  8109 | D:9      | 8109 ||| INVOKING Berserk.
  8354 | D:9      | Reached skill level 14 in Axes
  8558 | D:9      | 8558 ||| Stepping ~*~*~tactically~*~*~ (stealth).
  8651 | D:9      | 8651 ||| Stepping ~*~*~tactically~*~*~ (hiding).
  8652 | D:9      | 8652 ||| Stepping ~*~*~tactically~*~*~ (hiding).
  8789 | D:9      | 8789 ||| Stepping ~*~*~tactically~*~*~ (stealth).
  8794 | D:9      | Reached **** piety under Trog
  8968 | D:9      | 8968 ||| DRINKING 2 yellow potions.
  8969 | D:9      | 8969 ||| READING 2 scrolls of identify.
  8969 | D:9      | 8969 ||| IDENTIFYING dark potion
  8970 | D:9      | 8970 ||| DROPPING potion of berserk rage.
  8975 | D:10     | Entered Level 10 of the Dungeon
  8986 | D:10     | 8986 ||| Stepping ~*~*~tactically~*~*~ (stealth).
  8988 | D:10     | 8988 ||| Stepping ~*~*~tactically~*~*~ (stealth).
  8991 | D:10     | Reached skill level 15 in Axes
  9014 | D:10     | 9014 ||| INVOKING Berserk.
  9020 | D:10     | Reached skill level 9 in Fighting
  9032 | D:10     | 9032 ||| Stepping ~*~*~tactically~*~*~ (stealth).
  9061 | D:10     | Noticed a two-headed ogre
  9069 | D:10     | 9069 ||| INVOKING Berserk.
  9073 | D:10     | Killed a two-headed ogre
  9091 | D:10     | Reached skill level 16 in Axes
  9189 | D:10     | Reached XP level 11. HP: 79/106 MP: 10/10
  9215 | D:10     | Found a staircase to the Lair.
  9224 | D:10     | Reached skill level 3 in Dodging
  9226 | D:10     | 9226 ||| INVOKING Berserk.
  9490 | D:10     | Found Lutihim's Assorted Antiques.
  9495 | D:10     | 9495 ||| BUYING potion of mutation (248 gold).
  9495 | D:10     | Bought a potion of mutation for 248 gold pieces
  9495 | D:10     | 9495 ||| BUYING runed chain mail (232 gold).
  9495 | D:10     | Bought a runed chain mail for 232 gold pieces
  9495 | D:10     | 9495 ||| BUYING scroll labelled QATUKU NUKI (31 gold).
  9495 | D:10     | Bought a scroll labelled QATUKU NUKI for 31 gold pieces
  9495 | D:10     | 9495 ||| SHOPLISTING scroll of teleportation (93 gold, have
                  | 52).
  9575 | D:10     | 9575 ||| INVOKING Berserk.
  9578 | D:10     | Reached skill level 6 in Shields
  9722 | D:10     | Found a runed translucent door.
  9741 | D:10     | Noticed qw's ghost (journeyman MiBe)
  9864 | D:10     | Found a shimmering blue altar of Sif Muna.
 10083 | D:10     | Found a radiant altar of Vehumet.
 10227 | D:10     | Identified the +2 spear of Ciowacs {vorpal, Int+7}
 10240 | D:10     | 10240 ||| PLANNING LAIR
 10240 | D:10     | 10240 ||| DROPPING +2 chain mail of cold resistance.
 10241 | D:10     | 10241 ||| UPGRADING to +2 hat.
 10246 | D:10     | 10246 ||| READING scroll labelled QATUKU NUKI.
 10321 | Lair:1   | Entered Level 1 of the Lair of Beasts
 10357 | Lair:1   | 10357 ||| Stepping ~*~*~tactically~*~*~ (stealth).
 10359 | Lair:1   | 10359 ||| Stepping ~*~*~tactically~*~*~ (stealth).
 10360 | Lair:1   | 10360 ||| Stepping ~*~*~tactically~*~*~ (stealth).
 10361 | Lair:1   | 10361 ||| Stepping ~*~*~tactically~*~*~ (stealth).
 10362 | Lair:1   | 10362 ||| Stepping ~*~*~tactically~*~*~ (stealth).
 10363 | Lair:1   | 10363 ||| Stepping ~*~*~tactically~*~*~ (stealth).
 10364 | Lair:1   | 10364 ||| Stepping ~*~*~tactically~*~*~ (stealth).
 10365 | Lair:1   | 10365 ||| Stepping ~*~*~tactically~*~*~ (stealth).
 10366 | Lair:1   | 10366 ||| Stepping ~*~*~tactically~*~*~ (stealth).
 10367 | Lair:1   | 10367 ||| Stepping ~*~*~tactically~*~*~ (stealth).
 10368 | Lair:1   | 10368 ||| INVOKING Berserk.
 10389 | Lair:1   | HP: 22/106 [komodo dragon (24)]
 10390 | Lair:1   | 10390 ||| READING 3 scrolls of teleportation.
 10391 | Lair:1   | 10391 ||| DRINKING 3 potions of heal wounds.
 10393 | Lair:1   | 10393 ||| DRINKING 2 potions of heal wounds.
 10684 | Lair:1   | Noticed a boulder beetle
 10687 | Lair:1   | 10687 ||| INVOKING Berserk.
 10693 | Lair:1   | Killed a boulder beetle
 11181 | Lair:1   | 11181 ||| Stepping ~*~*~tactically~*~*~ (stealth).
 11183 | Lair:1   | 11183 ||| Stepping ~*~*~tactically~*~*~ (stealth).
 11189 | Lair:1   | 11189 ||| INVOKING Berserk.
 11489 | Lair:1   | 11489 ||| READING scroll labelled TOAHA VAYPHEIMN.
 11502 | Lair:2   | Noticed Erica
 11503 | Lair:2   | 11503 ||| INVOKING Berserk.
 11509 | Lair:2   | Killed Erica
 11511 | Lair:2   | Found a staircase to the Shoals.
 11637 | Lair:2   | Noticed a four-headed hydra
 11640 | Lair:2   | 11640 ||| SWAPPING to +4 flail.
 11641 | Lair:2   | 11641 ||| INVOKING Berserk.
 11649 | Lair:2   | Killed a four-headed hydra
 11672 | Lair:2   | 11672 ||| SWAPPING to +4 war axe.
 11830 | Lair:2   | You fall into a shaft and drop 1 floor!
 11924 | Lair:3   | Found a hole to the Spider Nest.
 12090 | Lair:3   | 12090 ||| READING scroll labelled CER QOASOENEOSH.
 12095 | Lair:3   | 12095 ||| INVOKING Berserk.
 12140 | Lair:3   | Reached skill level 12 in Fighting
 12222 | Lair:2   | Noticed Maggie
 12223 | Lair:2   | 12223 ||| INVOKING Berserk.
 12243 | Lair:2   | Killed Maggie
 12376 | Lair:2   | 12376 ||| SWAPPING to +0 broad axe of flaming.
 12377 | Lair:2   | 12377 ||| DROPPING +4 flail.
 12378 | Lair:2   | 12378 ||| DROPPING +4 war axe.
 12626 | Lair:2   | Noticed an eight-headed hydra
 12630 | Lair:2   | 12630 ||| INVOKING Berserk.
 12632 | Lair:2   | Killed a six-headed hydra
 12633 | Lair:2   | Reached XP level 12. HP: 123/123 MP: 11/11
 12746 | Lair:2   | 12746 ||| INVOKING Berserk.
 12870 | Lair:2   | 12870 ||| INVOKING Berserk.
 13972 | Lair:3   | Found a runed translucent gate.
 13974 | Lair:3   | Found a runed translucent gate.
 13974 | Lair:3   | Found a runed translucent gate.
 13975 | Lair:3   | Noticed qw's ghost (journeyman MiBe)
 13975 | Lair:3   | Noticed qw's ghost (journeyman TrCA)
 14285 | Lair:3   | 14285 ||| UPGRADING to +6 ring of strength.
 14318 | Lair:4   | Reached skill level 17 in Axes
 14319 | Lair:4   | 14319 ||| Stepping ~*~*~tactically~*~*~ (stealth).
 14596 | Lair:4   | Reached skill level 18 in Axes
 14666 | Lair:4   | Noticed a seven-headed hydra
 14670 | Lair:4   | 14670 ||| INVOKING Berserk.
 14674 | Lair:4   | Killed a four-headed hydra
 14803 | Lair:4   | 14803 ||| INVOKING Berserk.
 14805 | Lair:4   | Reached skill level 9 in Armour
 14966 | Lair:4   | 14966 ||| INVOKING Berserk.
 15120 | Lair:4   | Noticed a death yak
 15120 | Lair:4   | Noticed a death yak
 15121 | Lair:4   | 15121 ||| Stepping ~*~*~tactically~*~*~ (stealth).
 15122 | Lair:4   | Noticed a death yak
 15124 | Lair:4   | Noticed a death yak
 15125 | Lair:4   | 15125 ||| INVOKING Berserk.
 15129 | Lair:4   | Killed a death yak
 15136 | Lair:4   | Killed a death yak
 15139 | Lair:4   | Killed a death yak
 15141 | Lair:4   | Killed a death yak
 15446 | Lair:5   | Entered Level 5 of the Lair of Beasts
 15447 | Lair:5   | 15447 ||| STAIRDANCE
 15457 | Lair:5   | 15457 ||| STAIRDANCE
 15459 | Lair:4   | 15459 ||| INVOKING Berserk.
 15576 | Lair:5   | 15576 ||| STAIRDANCE
 15578 | Lair:4   | 15578 ||| INVOKING Berserk.
 15579 | Lair:4   | Reached skill level 6 in Throwing
 15716 | Lair:5   | 15716 ||| STAIRDANCE
 15722 | Lair:4   | Reached XP level 13. HP: 113/134 MP: 12/12
 15794 | Lair:5   | 15794 ||| STAIRDANCE
 15873 | Lair:5   | 15873 ||| FLEEEEING.
 15874 | Lair:5   | 15874 ||| STAIRDANCE
 15955 | Lair:5   | 15955 ||| FLEEEEING.
 15956 | Lair:5   | 15956 ||| FLEEEEING.
 15958 | Lair:5   | 15958 ||| INVOKING Berserk.
 15979 | Lair:5   | Reached skill level 9 in Shields
 15984 | Lair:5   | HP: 28/134 [death yak (14)]
 15985 | Lair:5   | 15985 ||| READING 6 scrolls of teleportation.
 15985 | Lair:5   | HP: 13/134 [death yak (15)]
 15986 | Lair:5   | 15986 ||| DRINKING 3 potions of heal wounds.
 15993 | Lair:5   | HP: 31/134 [catoblepas (5)]
 15994 | Lair:5   | 15994 ||| READING 5 scrolls of teleportation.
 15994 | Lair:5   | HP: 8/134 [catoblepas (24)]
 15995 | Lair:5   | 15995 ||| DRINKING 2 potions of heal wounds.
 15996 | Lair:5   | 15996 ||| DRINKING potion of heal wounds.
 16097 | Lair:5   | 16097 ||| Stepping ~*~*~tactically~*~*~ (stealth).
 16269 | Lair:5   | 16269 ||| Stepping ~*~*~tactically~*~*~ (stealth).
 16271 | Lair:5   | 16271 ||| Stepping ~*~*~tactically~*~*~ (stealth).
 16274 | Lair:5   | 16274 ||| INVOKING Berserk.
 16432 | Lair:5   | 16432 ||| INVOKING Berserk.
 16565 | Lair:5   | Found a viscous altar of Jiyva.
 16566 | Lair:5   | Found a staircase to the Slime Pits.
 16593 | Lair:5   | 16593 ||| Stepping ~*~*~tactically~*~*~ (cloud).
 16597 | Lair:5   | 16597 ||| INVOKING Berserk.
 16764 | Lair:5   | 16764 ||| INVOKING Berserk.
 16824 | Lair:5   | 16824 ||| Stepping ~*~*~tactically~*~*~ (stealth).
 16957 | Lair:5   | 16957 ||| Stepping ~*~*~tactically~*~*~ (stealth).
 16961 | Lair:5   | 16961 ||| INVOKING Berserk.
 16975 | Lair:5   | Reached skill level 15 in Fighting
 17186 | Lair:5   | 17186 ||| INVOKING Berserk.
 17314 | Lair:5   | 17314 ||| INVOKING Berserk.
 17326 | Lair:5   | 17326 ||| Stepping ~*~*~tactically~*~*~ (cloud).
 17329 | Lair:5   | 17329 ||| Stepping ~*~*~tactically~*~*~ (cloud).
 17334 | Lair:5   | 17334 ||| Stepping ~*~*~tactically~*~*~ (cloud).
 17353 | Lair:5   | 17353 ||| FLEEEEING.
 17454 | Lair:5   | 17454 ||| INVOKING Berserk.
 17466 | Lair:5   | Reached skill level 6 in Dodging
 17502 | Lair:5   | 17502 ||| FLEEEEING.
 17672 | Lair:5   | Identified the +4 quarterstaff "Faiv" {vorpal, Contam Dex+5
                  | Stlth+}
 17702 | Lair:5   | 17702 ||| INVOKING Berserk.
 18175 | Lair:5   | 18175 ||| INVOKING Berserk.
 18316 | Lair:5   | Identified the +1 ring mail of Duty {SInv}
 18477 | Lair:5   | 18477 ||| PLANNING D:1-11
 18477 | Lair:5   | 18477 ||| READING scroll labelled EVOOHI AXKIFAMN.
 18740 | D:11     | 18740 ||| INVOKING Berserk.
 18902 | D:11     | 18902 ||| INVOKING Berserk.
 19034 | D:11     | Reached XP level 14. HP: 149/149 MP: 13/13
 19221 | D:11     | Found a runed translucent gate.
 19222 | D:11     | Found a runed translucent gate.
 19223 | D:11     | Found a runed translucent gate.
 19303 | D:11     | 19303 ||| Stepping ~*~*~tactically~*~*~ (hiding).
 19776 | D:11     | 19776 ||| PLANNING D
 19819 | D:12     | 19819 ||| Stepping ~*~*~tactically~*~*~ (hiding).
 19822 | D:12     | 19822 ||| Stepping ~*~*~tactically~*~*~ (hiding).
 19823 | D:12     | 19823 ||| Stepping ~*~*~tactically~*~*~ (hiding).
 19825 | D:12     | 19825 ||| Stepping ~*~*~tactically~*~*~ (hiding).
 19967 | D:12     | Noticed Fannar
 19981 | D:12     | Killed Fannar
 20022 | D:12     | 20022 ||| Stepping ~*~*~tactically~*~*~ (stealth).
 20035 | D:12     | 20035 ||| Stepping ~*~*~tactically~*~*~ (stealth).
 20145 | D:12     | 20145 ||| FLEEEEING.
 20146 | D:12     | 20146 ||| FLEEEEING.
 20148 | D:12     | 20148 ||| FLEEEEING.
 20149 | D:12     | 20149 ||| FLEEEEING.
 20331 | D:12     | 20331 ||| Stepping ~*~*~tactically~*~*~ (hiding).
 20485 | D:12     | 20485 ||| Stepping ~*~*~tactically~*~*~ (stealth).
 20538 | D:12     | Found a staircase to the Orcish Mines.
 20546 | D:12     | 20546 ||| INVOKING Berserk.
 20845 | D:12     | 20845 ||| Stepping ~*~*~tactically~*~*~ (stealth).
 20849 | D:12     | 20849 ||| Stepping ~*~*~tactically~*~*~ (stealth).
 20858 | D:12     | 20858 ||| Stepping ~*~*~tactically~*~*~ (stealth).
 20859 | D:12     | 20859 ||| Stepping ~*~*~tactically~*~*~ (stealth).
 20861 | D:12     | 20861 ||| Stepping ~*~*~tactically~*~*~ (stealth).
 20863 | D:12     | 20863 ||| Stepping ~*~*~tactically~*~*~ (stealth).
 20870 | D:12     | 20870 ||| Stepping ~*~*~tactically~*~*~ (stealth).
 20935 | D:12     | Identified the +0 leather armour of Setusm {Harm rPois
                  | rC+++ Will+}
 21270 | D:13     | 21270 ||| INVOKING Berserk.
 21282 | D:13     | 21282 ||| STAIRDANCE
 21444 | D:13     | 21444 ||| INVOKING Berserk.
 21451 | D:13     | 21451 ||| STAIRDANCE
 21706 | D:13     | 21706 ||| INVOKING Berserk.
 21882 | D:13     | 21882 ||| Stepping ~*~*~tactically~*~*~ (hiding).
 21892 | D:13     | Reached ***** piety under Trog
 21982 | D:13     | 21982 ||| Stepping ~*~*~tactically~*~*~ (hiding).
 22318 | D:13     | Received a gift from Trog
 22371 | D:13     | 22371 ||| UPGRADING to +0 pair of boots.
 22404 | D:14     | Noticed Nessos
 22404 | D:14     | Noticed Rupert
 22404 | D:14     | Noticed Urug
 22404 | D:14     | Found a gate to the Vaults.
 22405 | D:14     | 22405 ||| INVOKING Trog's Hand.
 22406 | D:14     | 22406 ||| STAIRDANCE
 22410 | D:14     | 22410 ||| STAIRDANCE
 22428 | D:13     | Reached skill level 12 in Armour
 22446 | D:14     | 22446 ||| STAIRDANCE
 22448 | D:13     | 22448 ||| INVOKING Berserk.
 22602 | D:14     | 22602 ||| STAIRDANCE
 22604 | D:13     | 22604 ||| DRINKING 6 potions of curing.
 22604 | D:13     | 22604 ||| (to cure confusion)
 22604 | D:13     | Paralysed by Rupert for 5 turns
 22609 | D:13     | 22609 ||| INVOKING Trog's Hand.
 22610 | D:13     | 22610 ||| INVOKING Berserk.
 22619 | D:13     | Killed Rupert
 22745 | D:14     | 22745 ||| INVOKING Berserk.
 22749 | D:14     | Killed Urug
 22754 | D:14     | HP: 30/154 [poisoned by Nessos]
 22754 | D:14     | HP: 14/154 [Nessos/arrow (7)]
 22755 | D:14     | 22755 ||| READING 5 scrolls of teleportation.
 22755 | D:14     | Succumbed to Nessos's poison

Levels and vault maps discovered:
D:1:      sevenhm_arrival_forest_fort_large_4, layout_loops_ring
D:2:      layout_rooms, serial_shops, nicolae_shop_waterfront,
          shapermc_ecumenical_altar_mp_urbaneastern, basic_altar, st_stairs_10
D:3:      layout_loops_cross, serial_glass, glass_columns_c, glass_columns_b,
          glass_columns_b, glass_columns_a, glass_columns_a, glass_columns_a,
          glass_columns_c, glass_columns_a, st_stairs_6, uniq_robin
D:4:      layout_basic, nicolae_kite_square_tiling_tiny, eino_curves_01,
          uniq_eustachio
D:5:      layout_cave_pools, minmay_shop_enchanted_jewellery, uniq_menkaure
D:6:      layout_basic, minmay_temple_entry_statues
D:7:      layout_cave_pools, enter_bailey_2, chequers_serial_rivers_large_b,
          kennysheep_generic_room_6, uniq_pikel
D:8:      layout_basic, uniq_grum
D:9:      layout_roguey
D:10:     layout_roguey, nicolae_vehumet_altar_sigil, mainiacjoe_overflow_paths,
          due_lair_maze_entry_diamond, ebering_ghost_funeral_grove,
          serial_shops, kennysheep_little_box
D:11:     layout_basic, ploomutoo_gammafunk_ghost_potion_laboratory
D:12:     layout_roguey, orc_0_dummy, minivault_20, nicolae_underground_beach,
          uniq_fannar
D:13:     layout_loops_cross
D:14:     layout_irregular_city, david_vaults_3, good_gods_temple_1,
          nrook_guardian_serpent_double, uniq_frances
Lair:1:   layout_long_grid, grunt_megastairs_5, serial_bayou_shore_b, uniq_urug
Lair:2:   layout_gridlike, minmay_shoals_entry_centaurs,
          portal_ice_cave_entry_pillars_1, serial_bayou_pond_b,
          infiniplex_staircase_pool, serial_bayou_shore_b, uniq_erica,
          uniq_maggie
Lair:3:   layout_small_grid, spider_nest_entry_web_field,
          gammafunk_ghost_cemetery, minivault_11, cheibrodos_lair_reptile_den
Lair:4:   layout_regular_city, lemuel_fruit_tree
Lair:5:   grunt_lair_end_beastmaster, layout_cave_pods, slime_entry_1,
          infiniplex_staircase_pool_2

Skill      XL: |  1  2  3  4  5  6  7  8  9 10 11 12 13 14 |
---------------+-------------------------------------------+-----
Axes           | 4 5 6 7 9 12 13 16 18 | 18.0
Shields        | 3 4 5 7 8 10 | 10.5
Fighting       | 5 6 8 9 12 13 15 17 | 17.0
Throwing       | 1 2 3 5 6 7 8 |  8.0
Armour         | 4 6 8 9 10 12 | 12.6
Dodging        | 4 6 |  6.3

Action                   |  1- 3 |  4- 6 |  7- 9 | 10-12 | 13-15 || total
-------------------------+-------+-------+-------+-------+-------++-------
Melee: Hand axe          |    31 |   113 |   246 |       |       ||   390
       Headbutt          |     6 |    11 |    49 |    63 |    82 ||   211
       War axe           |       |       |    11 |   249 |       ||   260
       Broad axe         |       |       |       |   130 |   385 ||   515
       Flail             |       |       |       |     8 |       ||     8
Throw: Boomerang         |    27 |    28 |       |    31 |     6 ||    92
       Javelin           |       |     9 |    39 |   108 |    98 ||   254
Invok: Berserk           |     3 |     8 |     8 |    22 |    20 ||    61
       Trog's Hand       |       |       |       |       |     2 ||     2
  Use: Scroll            |     4 |     7 |     7 |     5 |     4 ||    27
       Potion            |       |     3 |     2 |     3 |     4 ||    12
 Stab: Petrified         |       |       |       |       |     1 ||     1
Armor: Animal skin       |     6 |       |       |       |       ||     6
       Scale mail        |       |    87 |       |       |       ||    87
       Plate armour      |       |       |   115 |     2 |       ||   117
       Chain mail        |       |       |       |   119 |   149 ||   268
Dodge: Dodged            |    19 |    93 |    54 |   118 |   123 ||   407
Block: Buckler           |       |    31 |    45 |    53 |    77 ||   206

Table legend:
 A = Non-vault XP
 B = Vault XP
 C = Vault XP percentage of total XP
 D = Non-vault monster count
 E = Vault monster count
 F = Vault count percentage of total count
                 A         B        C        D         E       F
            +---------+---------+-------+---------+---------+-------
      Total |   67141 |   24282 |  26.6 |     353 |      91 |  20.5
            +---------+---------+-------+---------+---------+-------
        D:1 |      29 |       0 |   0.0 |      11 |       0 |   0.0
        D:2 |      40 |      43 |  51.8 |       9 |       3 |  25.0
        D:3 |     178 |      41 |  18.7 |      12 |      14 |  53.8
        D:4 |     144 |     196 |  57.6 |      17 |       1 |   5.6
        D:5 |    1008 |     172 |  14.6 |      19 |       1 |   5.0
        D:6 |     339 |     685 |  66.9 |      13 |       1 |   7.1
        D:7 |     760 |       0 |   0.0 |      22 |       0 |   0.0
        D:8 |    1716 |     422 |  19.7 |      21 |       3 |  12.5
        D:9 |    2032 |       0 |   0.0 |      26 |       0 |   0.0
       D:10 |    1967 |    2157 |  52.3 |      16 |      10 |  38.5
       D:11 |    3660 |       0 |   0.0 |      17 |       0 |   0.0
       D:12 |    7351 |    2559 |  25.8 |      28 |       7 |  20.0
       D:13 |    9368 |    5507 |  37.0 |      22 |      18 |  45.0
       D:14 |       0 |     787 | 100.0 |       0 |       1 | 100.0
     Lair:1 |    2241 |     854 |  27.6 |      10 |       1 |   9.1
     Lair:2 |    4532 |    2323 |  33.9 |      13 |       8 |  38.1
     Lair:3 |    2317 |     486 |  17.3 |      13 |       6 |  31.6
     Lair:4 |   13982 |       0 |   0.0 |      41 |       0 |   0.0
     Lair:5 |   15477 |    8050 |  34.2 |      43 |      17 |  28.3
            +---------+---------+-------+---------+---------+-------
